 Dungeon Crawl Stone Soup version 0.28-a0-479-g5baa6b73be (webtiles) character file.

Game seed: 6910565453544616680

1386 timneilson the Covered (level 8, -9/49 HPs)
             Began as a Gargoyle Fighter on Sept 18, 2021.
             Was a Believer of Okawaru.
             Mangled by a gargoyle (10 damage)
             ... on level 6 of the Dungeon.
             The game lasted 00:06:59 (5228 turns).

timneilson the Covered (Gargoyle Fighter)           Turns: 5228, Time: 00:06:59

Health: -9/49      AC: 14    Str: 22    XL:     8   Next: 67%
Magic:  9/9        EV: 10    Int:  9    God:    Okawaru [**....]
Gold:   271        SH:  5    Dex:  9    Spells: 7/7 levels left

rFire   . . .      SeeInvis .   a - +0 long sword (elec)
rCold   . . .      Faith    .   c - +0 buckler
rNeg    + . .      Spirit   .   b - +0 scale mail
rPois   ∞          Reflect  .   k - +0 helmet
rElec   +          Harm     .   (no cloak)
rCorr   .          Rampage  .   (no gloves)
Will    .....                   (no boots)
Stlth   ..........              (no amulet)
HPRegen 0.16/turn               (no ring)
MPRegen 0.11/turn               (no ring)

@: hasted, very quick
A: sickness immunity, AC +5, negative energy resistance 1, electricity
resistance, torment resistance 1, petrification resistance
a: Renounce Religion, Heroism


You were on level 6 of the Dungeon.
You worshipped Okawaru.
Okawaru was pleased with you.
You visited 2 branches of the dungeon, and saw 7 of its levels.
You also visited: Sewer.

You collected 271 gold pieces.

Inventory:

Hand Weapons
 a - a +0 long sword of electrocution (weapon)
Armour
 b - a +0 scale mail (worn)
 c - a +0 buckler (worn)
 k - a +0 helmet (worn)
Wands
 i - a wand of acid (12)
 m - a wand of iceblast (11)
 r - a wand of paralysis (9)
Scrolls
 d - a scroll of enchant weapon {unknown}
 q - a scroll of amnesia
 s - a scroll of immolation {unknown}
Potions
 e - 3 potions of haste
 f - 2 potions of cancellation {unknown}
 g - a potion of resistance {unknown}
 h - a potion of ambrosia {unknown}
 j - 2 potions of attraction {unknown}
 l - 3 potions of mutation {unknown}
 n - 2 potions of invisibility {unknown}
 o - a potion of heal wounds {unknown}
 p - 2 potions of magic {unknown}
 t - a potion of berserk rage {unknown}


   Skills:
 + Level 5.1 Fighting
 * Level 4.7 Long Blades
 * Level 6.3 Armour
 + Level 2.5 Dodging
 * Level 6.3 Shields
 + Level 2.1 Invocations
 + Level 1.6 Evocations


You had 7 spell levels left.
You didn't know any spells.
Your spell library contained the following spells:

 Spells                   Type           Power      Damage    Failure   Level
 Magic Dart               Conj           0%         1d3       69%         1
 Pain                     Necr           0%         1d4       69%         1
 Searing Ray              Conj           0%         2d4       83%         2
 Dazzling Flash           Conj/Hex       0%         N/A       96%         3
 Fulminant Prism          Conj/Hex       0%         3d6       100%        4
 Iskenderun's Mystic Bla  Conj/Tloc      0%         2d3       100%        4
 Agony                    Necr           0%         N/A       100%        5
 Excruciating Wounds      Necr           0%         N/A       100%        5
 Fireball                 Conj/Fire      0%         3d3       100%        5
 Starburst                Conj/Fire      0%         6d3       100%        6
 Ignition                 Fire           0%         3d3       100%        8


Dungeon Overview and Level Annotations

Branches:
Dungeon (6/15)             Temple (1/1) D:5           Sewer (visited)

Altars:
Ashenzari
Cheibriados
Elyvilon
Fedhas
Hepliaklqana
Kikubaaqudgha
Makhleb
Nemelex Xobeh
Okawaru
Trog
Vehumet
Xom
Yredelemnul

Annotations:
D:4 exclusion: statue


Innate Abilities, Weirdness & Mutations

You are immune to sickness and miasma.
Your stone body is resilient. (AC +5)
You are immune to poison.
You resist negative energy. (rN+)
You are resistant to electric shocks. (rElec)
You are resistant to unholy torment.
You are immune to petrification.


Message History

t - a ruby potion
Found a stone staircase leading down.
There is a stone staircase leading down here.
Found an escape hatch in the ceiling.
Found a scroll of noise.
There is a stone staircase leading up here.
A gargoyle comes into view. It is wielding a +0 mace.
You hit the gargoyle.
The gargoyle is lightly damaged.
The gargoyle hurls a stone arrow at you.
The stone arrow hits you.
You hit the gargoyle but do no damage.
The gargoyle is lightly damaged.
The gargoyle hits you with a +0 mace.
You hit the gargoyle but do no damage.
The gargoyle is lightly damaged.
The gargoyle hurls a stone arrow at you.
The stone arrow hits you.
You hit the gargoyle.
The gargoyle is moderately damaged.
The gargoyle hurls a stone arrow at you.
The stone arrow hits you!!
* * * LOW HITPOINT WARNING * * *
You hit the gargoyle.
The gargoyle is moderately damaged.
The gargoyle hurls a stone arrow at you.
You block the stone arrow.
You slash the gargoyle!
The gargoyle is severely damaged.
The gargoyle hits you with a +0 mace.
* * * LOW HITPOINT WARNING * * *
You hit the gargoyle but do no damage.
The gargoyle is severely damaged.
The gargoyle hits you with a +0 mace.
* * * LOW HITPOINT WARNING * * *
The gargoyle hits you with a +0 mace.
* * * LOW HITPOINT WARNING * * *
Unknown command.
You feel yourself speed up. The gargoyle hits you with a +0 mace!
You die...

#.#
#.####)#####..#
#.# #.#
#.#####..# #.#
#.# #........#
#.# #.#
#.#####.##
#.######.####.##
#.#
#....>.........#
#.#
#######..<.....#
#.#
#....#...####.#
#....@........#
#.#.9##########
#.#..# #.#..#
#.#..# #.. #..
#..


You could see a gargoyle.

Vanquished Creatures
  Sigmund (D:5)
  Edmund (D:5)
  A black bear (D:6)
  A necrophage (D:6)
  A phantom (D:4)
  3 scorpions
  A water moccasin skeleton (D:5)
  A bullfrog zombie (D:6)
  4 hounds
  2 orc priests (D:5)
  2 iguanas
  An orc wizard (D:5)
  A gnoll (D:1)
  5 adders
  6 river rats (Sewer)
  2 shadow imps (D:5)
  An ufetubus (D:6)
  5 worms
  8 orcs
  14 ball pythons
  An endoplasm (D:3)
  4 giant cockroaches
  7 hobgoblins
  2 jackals (D:1)
  22 kobolds
  2 quokkas
  5 bats
  4 frilled lizards
  6 goblins
  21 rats
135 creatures vanquished.

Vanquished Creatures (others)
  A sky beast (D:5)
  An orc wizard (D:5)
2 creatures vanquished.

Grand Total: 137 creatures vanquished

Notes
Turn   | Place    | Note
-------+----------+-------------------------------------------
     0 | D:1      | timneilson the Gargoyle Fighter began the quest for the
                  | Orb.
     0 | D:1      | Reached XP level 1. HP: 14/14 MP: 1/1
   363 | D:1      | Reached XP level 2. HP: 13/19 MP: 2/2
   519 | D:1      | Found a faded altar of an unknown god.
   871 | D:2      | Reached XP level 3. HP: 16/23 MP: 3/3
  1232 | D:2      | Found an ancient bone altar of Kikubaaqudgha.
  1500 | D:3      | Reached XP level 4. HP: 28/28 MP: 4/4
  2091 | D:4      | Found a broken altar of Ashenzari.
  2110 | D:4      | Found a glowing drain.
  2127 | Sewer    | Entered a sewer
  2292 | Sewer    | Reached XP level 5. HP: 33/33 MP: 5/5
  2385 | Sewer    | Reached skill level 1 in Dodging
  3246 | D:4      | Found a radiant altar of Vehumet.
  3246 | D:4      | Noticed a charred statue
  3450 | D:4      | Reached XP level 6. HP: 38/38 MP: 6/6
  3577 | D:4      | Reached skill level 5 in Armour
  3709 | D:5      | Entered Level 5 of the Dungeon
  3787 | D:5      | Reached skill level 5 in Shields
  3796 | D:5      | Found a staircase to the Ecumenical Temple.
  3808 | D:5      | Reached XP level 7. HP: 40/44 MP: 7/7
  3812 | Temple   | Entered the Ecumenical Temple
  3817 | Temple   | Became a worshipper of Warmaster Okawaru
  4330 | D:5      | Reached skill level 1 in Invocations
  4443 | D:5      | Noticed Edmund
  4458 | D:5      | Killed Edmund
  4458 | D:5      | Reached * piety under Okawaru
  4459 | D:5      | Reached skill level 1 in Evocations
  4459 | D:5      | Reached XP level 8. HP: 26/48 MP: 8/8
  4597 | D:5      | Noticed Sigmund
  4604 | D:5      | Killed Sigmund
  4900 | D:6      | Reached ** piety under Okawaru
  4941 | D:6      | Reached skill level 5 in Fighting
  5216 | D:6      | Noticed a gargoyle
  5227 | D:6      | HP: 1/49 [gargoyle (5)]
  5228 | D:6      | Mangled by a gargoyle

Illustrated notes

Levels and vault maps discovered:
D:1:      zaba_arrival_water, layout_loops_ring,
          shapermc_ecumenical_altar_flowoftime
D:2:      layout_rooms, basic_altar
D:3:      layout_rooms
D:4:      layout_basic, vehumet_statue, nicolae_ashenzari_skybound,
          cheibrodos_sewer_entry_drain
D:5:      layout_basic, minmay_temple_entry_slanted,
          minmay_misc_feat_four_crosses, minivault_26, sigmund_edmund_badplayer
D:6:      layout_loops_ring, nicolae_tso_swordbearing_angel,
          nicolae_ru_the_path_less_chosen
Temple:   minmay_freezing_vapour_temple

Skill      XL: |  1  2  3  4  5  6  7  8 |
---------------+-------------------------+-----
Long Blades    | 2 3 4 |  4.7
Armour         | 4 5 6 |  6.3
Shields        | 4 5 6 |  6.3
Dodging        | 1 2 |  2.5
Fighting       | 4 5 |  5.1
Invocations    | 1 2 |  2.1
Evocations     | 1 |  1.6

Action                   |  1- 3 |  4- 6 |  7- 9 || total
-------------------------+-------+-------+-------++-------
Melee: Long sword        |   109 |   246 |   117 ||   472
  Use: Scroll            |     4 |     3 |       ||     7
       Potion            |       |     1 |     2 ||     3
Armor: Scale mail        |    51 |   166 |    55 ||   272
Dodge: Dodged            |    40 |   142 |    47 ||   229
Block: Buckler           |    33 |    71 |    20 ||   124

Table legend: (Time is in decaauts)
 A = Elapsed time spent in this place.
 B = Non-inter-level travel time spent in this place.
 C = Inter-level travel time spent in this place.
 D = Time resting spent in this place.
 E = Time spent auto-exploring this place.
 F = Levels seen in this place.
 G = Mean time per level.
                   A        B        C        D        E       F      G
               +--------+--------+--------+--------+--------+-----+--------+
         Total |   5370 |   5312 |     58 |    212 |   3965 |   8 |  671.2 |
       Dungeon |   4218 |   4160 |     58 |     41 |   3312 |   6 |  703.0 |
        Temple |     25 |     25 |      0 |      0 |      0 |   1 |   25.0 |
         Sewer |   1126 |   1126 |      0 |    171 |    653 |   1 | 1126.0 |
               +--------+--------+--------+--------+--------+-----+--------+

Top non-repeatable levels by time:
     D:5: 1174 daAuts
   Sewer: 1126 daAuts
     D:1: 880 daAuts
     D:2: 619 daAuts
     D:3: 615 daAuts
     D:4: 582 daAuts
     D:6: 345 daAuts
  Temple: 25 daAuts
